 Dungeon Crawl Stone Soup version 0.22.0-6-g71bd7aa (webtiles) character file.

57 Lew the Chopper (level 4, -5/28 HPs)
             Began as a Gargoyle Fighter on Aug 14, 2018.
             Killed from afar by an orc wizard (8 damage)
             ... with a puff of flame
             ... on level 2 of the Dungeon.
             The game lasted 00:02:54 (912 turns).

Lew the Chopper (Gargoyle Fighter)                   Turns: 912, Time: 00:02:55

Health: -5/28      AC: 14    Str: 20    XL:     4   Next: 0%
Magic:  4/4        EV:  5    Int:  8    God:
Gold:   134        SH: 10    Dex: 10    Spells: 3/3 levels left

rFire    . . .     SeeInvis .   a - +0 war axe
rCold    . . .     Gourm    .   c - +1 shield
rNeg     + . .     Faith    .   m - +0 chain mail
rPois    ∞         Spirit   .   (no helmet)
rElec    +         Reflect  .   (no cloak)
rCorr    +         Harm     .   g - +1 pair of gloves
MR       .....                  (no boots)
Stlth    ..........             (no amulet)
HPRegen  0.09/turn              k - ring of resist corrosion
MPRegen  0.09/turn              (no ring)

@: no status effects
A: negative energy resistance 1, electricity resistance, unbreathing,
petrification resistance, rot immunity, AC +3
a: no special abilities


You were on level 2 of the Dungeon.
You were not hungry.

You visited 1 branch of the dungeon, and saw 2 of its levels.

You collected 134 gold pieces.

Inventory:

Hand Weapons
 a - a +0 war axe (weapon)
Armour
 c - a +1 shield (worn)
 g - a +1 pair of gloves (worn)
 m - a +0 chain mail (worn)
Jewellery
 k - a ring of resist corrosion (left hand)
 n - an uncursed amulet of harm {unknown}
Scrolls
 e - 2 scrolls of identify
Potions
 b - a potion of heal wounds {unknown}
 d - a potion of might
 h - a potion of flight {unknown}
 i - a potion of degeneration {unknown}
 j - a potion of brilliance
 l - a potion of ambrosia
Comestibles
 f - 6 rations


   Skills:
 - Level 3.2 Fighting
 + Level 3.7 Axes
 - Level 3.2 Armour
 - Level 3.2 Shields


You had 3 spell levels left.
You didn't know any spells.
Your spell library was empty.

Dungeon Overview and Level Annotations

Branches:
Dungeon (2/15)

Altars:


Innate Abilities, Weirdness & Mutations

You are resistant to torment.
Your stone body is resilient. (AC +3)
You are immune to poison.
You resist negative energy. (rN+)
You are resistant to electric shocks. (rElec)
You can survive without breathing.
You are immune to petrification.
You are immune to rotting.


Message History

You closely miss something. You miss something.
The orc priest calls down the wrath of Beogh upon you.
Beogh smites you!
* * * LOW HITPOINT WARNING * * *
The orc wizard gestures wildly while chanting.
The orc wizard blinks!
Something completely misses you. Something hits you but does no damage.
Okay, then.
Okay, then.
The orc hits you with a club.
* * * LOW HITPOINT WARNING * * *
The orc hits you but does no damage.
The orc priest calls upon Beogh to heal the orc.
The orc's wounds heal themselves!
The orc wizard mumbles some strange words.
The orc wizard seems to speed up.
You hear some strange, mumbled words.
A puff of flame appears from out of thin air!
The puff of flame hits you!
You die...

#...# #####.#?# # #...#
####.......##.# # #...#
#....o........#. #
#†..#####.##.#.o........ #
#.........##.#.#.§.....#
#######...#####.##.o.#{.o....#
#...............##.#.#o.o....#
...>...............#.#.......#
#...............@.o..#.......#
#####>#...#.###.##.#.#.......#
# #.#.........##.#.#.......# #
#.#...#.######.#.##.....##
#.#...#.# #.#.# #.#...#.#
#.#.. ### #.......# #.... ..#
#..#.#.## ###.. #.###..#.#.#


You could see an orc wizard and 2 orcs.

Vanquished Creatures
  An adder (D:2)
  A worm (D:2)
  3 dart slugs
  3 leopard geckos
  3 giant cockroaches
  5 goblins
  6 hobgoblins
  A bat (D:2)
  4 frilled lizards
  3 kobolds
  A quokka zombie (D:2)
  5 rats
36 creatures vanquished.

Notes
Turn   | Place    | Note
-------+----------+-------------------------------------------
     0 | D:1      | Lew the Gargoyle Fighter began the quest for the Orb.
     0 | D:1      | Reached XP level 1. HP: 14/14 MP: 1/1
    99 | D:1      | Reached XP level 2. HP: 19/19 MP: 2/2
   422 | D:2      | Reached XP level 3. HP: 20/23 MP: 3/3
   892 | D:2      | Reached XP level 4. HP: 28/28 MP: 4/4
   912 | D:2      | Killed from afar by an orc wizard

Skill      XL: |  1  2 |
---------------+-------+-----
Axes           | 2 3 |  3.7
Fighting       | |  3.2
Armour         | |  3.2
Shields        | |  3.2

Action                   |  1- 3 |  4- 6 || total
-------------------------+-------+-------++-------
Melee: War axe           |   132 |     6 ||   138
  Use: Scroll            |     4 |       ||     4
Armor: Scale mail        |    25 |       ||    25
       Chain mail        |    68 |     6 ||    74
Dodge: Dodged            |    38 |     1 ||    39
Block: Shield            |    76 |     4 ||    80
